 Dungeon Crawl Stone Soup version 0.31-a0-879-g1609e0ac53 (webtiles) character file.

Game seed: 826162940755729762

6227 Armakuni the Carver (level 11, -4/75 HPs)
             Began as a Human Monk on Oct 14, 2023.
             Was a Believer of Elyvilon.
             Slain by a rust devil (12 damage)
             ... on level 8 of the Dungeon.
             The game lasted 00:25:44 (10564 turns).

Armakuni the Carver (Human Monk)                   Turns: 10564, Time: 00:25:45

Health: -4/75      AC: -11   Str: 12    XL:     11   Next: 14%
Magic:  17/17      EV: 12    Int: 11    God:    Elyvilon [**....]
Gold:   314        SH:  0    Dex: 14    Spells: 10/10 levels left

rFire   . . .        a - +2 scimitar
rCold   + + +        d - orb {light}
rNeg    . . .        j - +0 leather armour
rPois   +            (no helmet)
rElec   .            p - +0 cloak
rCorr   +            e - +0 pair of gloves
SInv    +            (no boots)
Will    .....        M - amulet of magic regeneration
Stlth   +            J - ring "Kirac" {rC+++ rCorr AC+4 Dex-5 SInv}
HPRegen 0.32/turn    P - ring of poison resistance
MPRegen 0.55/turn

%: no passive effects
@: corroded, glowing
A: no striking features
a: Renounce Religion, Purification, Heal Other


You were on level 8 of the Dungeon.
You worshipped Elyvilon.
Elyvilon was pleased with you.
You visited 2 branches of the dungeon, and saw 10 of its levels.
You also visited: Sewer.

You collected 314 gold pieces.

Inventory:

Hand Weapons
 a - a +2 scimitar (weapon)
 b - a +2 short sword of venom
 B - a +2 great sword of freezing
Missiles
 g - 40 poisoned darts
 C - a curare-tipped dart (quivered)
Armour
 d - an orb of light (worn)
 e - a +0 pair of gloves (worn)
 j - a +0 leather armour (worn)
 p - a +0 cloak (worn)
Jewellery
 f - a ring of protection from fire
 D - a +6 ring of dexterity
 F - a ring of fire
 J - the ring "Kirac" (left hand) {rC+++ rCorr AC+4 Dex-5 SInv}
   (You found it on level 7 of the Dungeon)

   [ring of protection]

   AC+4:      It affects your AC (+4).
   Dex-5:     It affects your dexterity (-5).
   rC+++:     It renders you almost immune to cold.
   SInv:      It lets you see invisible.
   rCorr:     It protects you from acid and corrosion.
 L - a ring of flight
 M - an amulet of magic regeneration (around neck)
 P - a ring of poison resistance (right hand)
 W - a ring of willpower
Wands
 m - a wand of mindburst (7)
 v - a wand of flame (38)
Scrolls
 c - 5 scrolls of enchant armour
 h - 2 scrolls of revelation
 i - a scroll of brand weapon
 q - 2 scrolls of amnesia
 x - a scroll of noise
 y - 5 scrolls of identify
 z - 2 scrolls of vulnerability
 A - a scroll of fog {unknown}
Potions
 k - a potion of mutation
 r - a potion of magic {unknown}
 u - a potion of invisibility {unknown}
 w - a potion of ambrosia


   Skills:
 - Level 3.0 Fighting
 - Level 14.0 Long Blades
 - Level 3.0 Dodging
 + Level 9.2 Invocations


You had 10 spell levels left.
You didn't know any spells.
Your spell library contained the following spells:

 Spells                   Type           Power      Damage    Failure   Level
 Magic Dart               Conj           0%         1d3       41%         1
 Blink                    Tloc           0%         N/A       56%         2
 Call Imp                 Summ           0%         N/A       56%         2
 Lesser Beckoning         Tloc           0%         N/A       56%         2
 Momentum Strike          Conj/Tloc      0%         3d8       56%         2
 Mephitic Cloud           Conj/Pois/Air  0%         N/A       80%         3
 Ozocubu's Armour         Ice            0%         N/A       80%         3
 Ozocubu's Refrigeration  Ice            0%         4d7       100%        7


Dungeon Overview and Level Annotations

Branches:
Dungeon (9/15)             Temple (1/1) D:5           Sewer (visited)
   Lair: D:8-11         Orc: D:9-12

Altars:
Ashenzari
Cheibriados
Dithmenos
Elyvilon
Fedhas
Gozag
Hepliaklqana
Kikubaaqudgha
Makhleb
Nemelex Xobeh
Okawaru
Qazlal
Ru
Sif Muna
Trog
Uskayaw
Vehumet
Wu Jian
Xom
Yredelemnul
Zin
The Shining One

Shops:
D:2 *   D:7 [

Annotations:
D:7 3 runed translucent doors, Dirtsage's ghost, novice OpSh; Gergoth's ghost, novice DjAE; WhatIsLove's ghost, novice DjVM


Message History

The rust devil is almost dead.
You completely miss the rust devil.
The rust devil is almost dead.
The rust devil closely misses you.
You hit the rust devil.
The rust devil is almost dead.
The rust devil completely misses you.
You hit the rust devil but do no damage.
The rust devil is almost dead.
You hit the rust devil.
The rust devil is almost dead.
The rust devil hits you. The rust devil corrodes you!
You hit the rust devil but do no damage.
The rust devil is almost dead.
The rust devil closely misses you.
The rust devil attacks as it pursues you!
The rust devil hits you!
The rust devil attacks as it pursues you!
The rust devil barely misses you.
You hit the rust devil.
The rust devil is almost dead.
You hit the rust devil but do no damage.
The rust devil is almost dead.
The rust devil hits you!
* * * LOW HITPOINT WARNING * * *
The rust devil corrodes you!
You hit the rust devil but do no damage.
The rust devil is almost dead.
The rust devil hits you.
* * * LOW HITPOINT WARNING * * *
You hit the rust devil but do no damage.
The rust devil is almost dead.
You hit the rust devil but do no damage.
The rust devil is almost dead.
The rust devil hits you!
* * * LOW HITPOINT WARNING * * *
You hit the rust devil but do no damage.
The rust devil is almost dead.
The rust devil hits you!
You die...

#.....# #.....## #...[..#
####)### ####### ##..## ##.##..#
#....# #......####...##
#.....##.##...### ###
##.......@4.....#####.##
###........##.>..##...##
###..#.#.........##....#
#.................#....#
##..#.#.#...............#
#.............#.........## ###
##..#.#.#....###..........
..#######........##..............
=..#..#....#.#.#.#..............#


You could see a rust devil.

Vanquished Creatures
  A two-headed ogre (D:8)
  A troll (D:8)
  A hornet (D:8)
  A ynoxinul (D:8)
  Grum (D:8)
  2 steam dragons
  Menkaure (D:5)
  Duvessa (D:4)
  A water moccasin (D:6)
  3 orc warriors
  2 ice beasts
  6 centaurs
  3 wolves
  3 ogres
  2 phantoms
  6 kobold brigands
  2 bullfrogs
  A gnoll sergeant (D:6)
  3 scorpions
  Dowan (D:4)
  10 wights
  2 killer bees (D:8)
  A quasit (D:9)
  A hound (D:5)
  A gnoll bouda (D:8)
  5 orc priests
  Crazy Yiuf (D:4)
  2 sleepcaps
  Jessica (D:3)
  2 iguanas
  8 orc wizards
  20 gnolls
  3 river rats (Sewer)
  12 adders
  A shadow imp (D:4)
  2 white imps (D:6)
  3 worms
  3 dart slugs (D:4)
  35 orcs
  8 endoplasms
  3 giant cockroaches
  6 goblins
  2 hobgoblins
  4 jackals (D:1)
  26 kobolds
  7 quokkas
  16 ball pythons
  6 bats
  7 frilled lizards
  25 rats
265 creatures vanquished.

Vanquished Creatures (others)
  3 killer bees (D:8)
3 creatures vanquished.

Grand Total: 268 creatures vanquished

Notes
Turn   | Place    | Note
-------+----------+-------------------------------------------
     0 | D:1      | Armakuni the Human Monk began the quest for the Orb.
     0 | D:1      | Reached XP level 1. HP: 18/18 MP: 1/1
    61 | D:2      | Reached XP level 2. HP: 22/24 MP: 2/2
   445 | D:1      | Reached skill level 4 in Long Blades
   445 | D:1      | Reached XP level 3. HP: 29/29 MP: 3/3
  1085 | D:2      | Found a faded altar of an unknown god.
  1161 | D:2      | You fall into a shaft and drop 2 floors!
  1209 | D:4      | Reached XP level 4. HP: 26/35 MP: 4/4
  1333 | D:4      | Reached skill level 5 in Long Blades
  1344 | D:4      | Reached XP level 5. HP: 23/41 MP: 5/5
  1627 | D:3      | Reached skill level 6 in Long Blades
  1642 | D:3      | Reached XP level 6. HP: 29/47 MP: 6/6
  1790 | D:2      | Found Ajinoosiri's Assorted Antiques.
  2035 | D:3      | Found a burning altar of Makhleb.
  2174 | D:3      | Found a shimmering altar of Xom.
  2787 | D:3      | Noticed Jessica
  2790 | D:3      | Killed Jessica
  3213 | D:4      | Noticed Dowan
  3214 | D:4      | Noticed Duvessa
  3228 | D:4      | Killed Duvessa
  3229 | D:4      | Reached skill level 7 in Long Blades
  3229 | D:4      | Reached XP level 7. HP: 37/52 MP: 7/7
  3236 | D:4      | Killed Dowan
  3527 | D:4      | Reached skill level 8 in Long Blades
  3940 | D:4      | Found a runed translucent door.
  3941 | D:4      | Noticed Crazy Yiuf
  3946 | D:4      | Killed Crazy Yiuf
  4307 | D:5      | Entered Level 5 of the Dungeon
  4345 | D:5      | Reached XP level 8. HP: 43/58 MP: 8/8
  4445 | D:5      | Reached skill level 9 in Long Blades
  4446 | D:5      | Noticed Menkaure
  4605 | D:5      | Killed Menkaure
  4705 | D:5      | Reached skill level 10 in Long Blades
  4828 | D:6      | Found a glowing drain.
  4846 | Sewer    | Entered a sewer
  5231 | Sewer    | Reached XP level 9. HP: 40/63 MP: 9/9
  5553 | D:6      | Reached skill level 11 in Long Blades
  6107 | D:6      | Reached skill level 12 in Long Blades
  6810 | D:5      | Found a staircase to the Ecumenical Temple.
  6819 | Temple   | Entered the Ecumenical Temple
  6826 | Temple   | Became a worshipper of Elyvilon the Healer
  6826 | Temple   | Reached * piety under Elyvilon
  6826 | Temple   | Reached ** piety under Elyvilon
  7416 | D:7      | Found Rerhywi's Armour Emporium.
  7437 | D:7      | Identified the ring "Kirac" {rC+++ rCorr AC+4 Dex-5 SInv}
  7474 | D:7      | Reached skill level 13 in Long Blades
  7571 | D:7      | Reached skill level 1 in Invocations
  7690 | D:7      | Reached XP level 10. HP: 50/70 MP: 9/11
  7880 | D:7      | Found a runed translucent gate.
  7880 | D:7      | Found a runed translucent gate.
  7880 | D:7      | Found a runed translucent gate.
  8121 | D:7      | Found a stormy altar of Qazlal.
  8130 | D:7      | Found a sacrificial altar of Ru.
  8191 | D:7      | Noticed WhatIsLove's ghost (novice DjVM)
  8191 | D:7      | Noticed Gergoth's ghost (novice DjAE)
  8197 | D:7      | Noticed Dirtsage's ghost (novice OpSh)
  8336 | D:7      | Reached *** piety under Elyvilon
  8600 | D:8      | Noticed a two-headed ogre
  8612 | D:8      | Killed a two-headed ogre
  8613 | D:8      | Reached skill level 5 in Invocations
  8624 | D:8      | Paralysed by a hornet for 2 turns
  8633 | D:8      | HP: 3/67 [wight/+0 great sword (5)]
  8652 | D:8      | Reached skill level 14 in Long Blades
  9127 | D:8      | Found an opulent altar of Gozag.
  9213 | D:8      | Found a bloodstained altar of Trog.
  9218 | D:8      | Found a glowing silver altar of Zin.
  9221 | D:8      | Found a glowing golden altar of the Shining One.
  9221 | D:8      | Noticed Grum
  9602 | D:8      | Found a hazy altar of Hepliaklqana.
  9602 | D:8      | Found a shimmering blue altar of Sif Muna.
  9721 | D:8      | Reached XP level 11. HP: 62/75 MP: 16/16
  9977 | D:8      | Killed Grum
 10263 | D:9      | Noticed a soul eater
 10292 | D:9      | HP: 1/67 [soul eater (20)]
 10564 | D:8      | Slain by a rust devil

Illustrated notes

Levels and vault maps discovered:
D:1:      ncdulo_lavacross, layout_basic, minmay_misc_feat_rugged
D:2:      layout_rooms, dreamdust_ecumenical_altar_angels_and_demons,
          serial_shops, nicolae_shop_tiny_glass
D:3:      minmay_wonky_spiral, layout_loops_corners,
          mainiacjoe_overflow_surrounded_room, bloody_makhleb, uniq_jessica
D:4:      layout_loops_corners, uniq_crazy_yiuf_cottage, uniq_duvessa
D:5:      layout_basic, lemuel_temple_firewalk_b, uniq_menkaure
D:6:      layout_basic, portal_sewer_entry_b
D:7:      layout_loops_corners, amethyst_overflow_temple_binary, serial_shops,
          shop, gammafunk_ghost_cemetery
D:8:      layout_cave_pools, nicolae_overflow_hallway_of_the_gods, serial_glass,
          glass_columns_c, glass_columns_b, uniq_grum
D:9:      layout_rooms, orc_david_3, serial_demonic, serial_demonic_c,
          serial_demonic_e, serial_demonic_e, serial_demonic_a,
          serial_demonic_c, serial_demonic_d, minmay_misc_feat_chi, hive_lemuel
Temple:   nicolae_temple_no_exploring_needed

Skill      XL: |  1  2  3  4  5  6  7  8  9 10 11 |
---------------+----------------------------------+-----
Long Blades    | 4 5 6 7 8 10 13 14 | 14.0
Invocations    | 1 7 9 |  9.2
Fighting       | |  3.0
Dodging        | |  3.0

Action                     |  1- 3 |  4- 6 |  7- 9 | 10-12 || total
---------------------------+-------+-------+-------+-------++-------
  Melee: Falchion          |    77 |   143 |   295 |    87 ||   602
         Scimitar          |       |       |       |   140 ||   140
         Short sword       |       |       |       |    12 ||    12
  Throw: Dart              |     3 |     5 |    14 |     4 ||    26
         Throwing net      |       |       |     2 |     4 ||     6
 Invoke: Heal Other        |       |       |       |     5 ||     5
         Purification      |       |       |       |     4 ||     4
         Heal Self         |       |       |       |     3 ||     3
  Evoke: Wand              |       |       |     1 |     8 ||     9
    Use: Scroll            |     2 |     4 |     5 |     4 ||    15
         Potion            |       |     2 |     6 |     4 ||    12
   Stab: Held in net/web   |       |       |       |     4 ||     4
 Armour: Robe              |    17 |       |       |       ||    17
         Leather armour    |    13 |    92 |   199 |   190 ||   494
  Dodge: Dodged            |    43 |    69 |   210 |   152 ||   474

Table legend: (Time is in decaauts)
 A = Elapsed time spent in this place.
 B = Non-inter-level travel time spent in this place.
 C = Inter-level travel time spent in this place.
 D = Time resting spent in this place.
 E = Time spent auto-exploring this place.
 F = Levels seen in this place.
 G = Mean time per level.
                   A        B        C        D        E       F      G
               +--------+--------+--------+--------+--------+-----+--------+
         Total |  10558 |  10333 |    225 |   1715 |   6014 |  11 |  959.8 |
       Dungeon |   9825 |   9600 |    225 |   1715 |   5578 |   9 | 1091.7 |
        Temple |     14 |     14 |      0 |      0 |      0 |   1 |   14.0 |
         Sewer |    718 |    718 |      0 |      0 |    436 |   1 |  718.0 |
               +--------+--------+--------+--------+--------+-----+--------+

Top non-repeatable levels by time:
     D:7: 1790 daAuts
     D:8: 1523 daAuts
     D:4: 1476 daAuts
     D:3: 1344 daAuts
     D:5: 1049 daAuts
     D:1: 1007 daAuts
     D:6: 972 daAuts
   Sewer: 718 daAuts
     D:2: 492 daAuts
     D:9: 168 daAuts
  Temple: 14 daAuts
